 Dungeon Crawl Stone Soup version 0.24-a0-459-g225fefd530 (webtiles) character file.

Game seed: 1603299928859487698

14245 Chimkentus the Prestidigitator (level 12, -4/82 HPs)
             Began as an Octopode Fighter on June 28, 2019.
             Was a Believer of Uskayaw.
             Engulfed by an ice statue's freezing vapour (21 damage)
             ... in an ice cave on June 29, 2019.
             The game lasted 01:32:07 (11997 turns).

Chimkentus the Prestidigitator (Octopode Fighter)  Turns: 11997, Time: 01:32:08

Health: -4/82      AC:  3    Str: 19    XL:     12   Next: 14%
Magic:  20/20      EV: 18    Int: 11    God:    Uskayaw [**....]
Gold:   452        SH: 12    Dex: 20    Spells: 17/21 levels left

rFire    . . .     SeeInvis +   Z - +5 trident of Panexzeo {freeze, *Corrode +Fly rN+ Dex+3}
rCold    . . .     Gourm    .   b - +0 shield
rNeg     + + +     Faith    .   v - +2 hat
rPois    +         Spirit   .   l - amulet of the acrobat
rElec    .         Reflect  .   G - ring of stealth
rCorr    +         Harm     .   P - ring of see invisible
MR       .....                  R - ring of positive energy
Stlth    ++++++....             S - ring of resist corrosion
HPRegen  0.23/turn              W - +5 ring of dexterity
MPRegen  0.17/turn              V - ring of poison resistance
                                q - ring of positive energy
                                (no ring)

@: very slightly contaminated, invisible (expiring)
A: almost no armour, stealthy swim, amphibious, 8 rings, constrict 8, camouflage
1, gelatinous body 1
a: Stomp, Line Pass, Renounce Religion, Evoke Flight


You were in an ice cave.
You worshipped Uskayaw.
Uskayaw was noncommittal.
You were not hungry.

You visited 3 branches of the dungeon, and saw 11 of its levels.
You also visited: Sewer, Ossuary and Ice Cave.

You collected 783 gold pieces.
You spent 331 gold pieces at shops.

Inventory:

Hand Weapons
 e - a +4 scimitar of holy wrath
 g - a +3 dagger
 m - a +0 antimagic hand axe
 L - a +0 dire flail of protection
 Z - the +5 trident of Panexzeo (weapon) {freeze, *Corrode +Fly rN+ Dex+3}
   (You found it on level 8 of the Dungeon)

   It has been specially enchanted to freeze those struck by it, causing extra
   injury to most foes and up to half again as much damage against particularly
   susceptible opponents.
   It can also slow down cold-blooded creatures.
   It affects your dexterity (+3).
   It protects you from negative energy.
   It lets you fly.
   It may corrode you when you take damage.
Missiles
 a - 4 curare-tipped darts
 p - 15 poisoned darts (quivered)
Armour
 b - a +0 shield (worn)
 v - a +2 hat (worn)
Jewellery
 l - an amulet of the acrobat (around mantle)
 q - a ring of positive energy (on tentacle)
 G - a ring of stealth (left tentacle)
 M - an uncursed ring of fire
 P - a ring of see invisible (right tentacle)
 R - a ring of positive energy (on tentacle)
 S - a ring of resist corrosion (on tentacle)
 V - a ring of poison resistance (on tentacle)
 W - a +5 ring of dexterity (on tentacle)
Wands
 i - a wand of flame (13)
 U - a wand of scattershot (7)
Scrolls
 j - a scroll of vulnerability {unknown}
 k - 8 scrolls of teleportation
 o - a scroll of enchant armour {unknown}
 r - a scroll of summoning {unknown}
 w - a scroll of blinking
 x - a scroll of fog {unknown}
 y - 4 scrolls of magic mapping
 C - a scroll of immolation
 D - a scroll of fear
 H - 5 scrolls of remove curse
 N - a scroll of silence {unknown}
 O - a scroll of noise {unknown}
 Q - 2 scrolls of amnesia {unknown}
 T - a scroll of enchant weapon {unknown}
 X - a scroll of acquirement {unknown}
Potions
 h - a potion of ambrosia
 n - 2 potions of brilliance
 t - a potion of flight
 u - 8 potions of curing
 z - 6 potions of haste
 A - a potion of magic {unknown}
 E - 2 potions of lignification
 F - 2 potions of agility
 I - a potion of degeneration {unknown}
 K - a potion of invisibility
 Y - a potion of mutation {unknown}
Comestibles
 d - 25 rations


   Skills:
 * Level 7.7 Fighting
 + Level 4.0(5.2) Short Blades
 + Level 5.2(5.9) Long Blades
 + Level 2.9 Polearms
 + Level 4.2 Throwing
 * Level 7.6 Dodging
 + Level 6.1 Stealth
 * Level 8.3 Shields
 + Level 5.4 Spellcasting
 + Level 3.1 Hexes
 * Level 0.5 Translocations
 * Level 5.1 Invocations
 + Level 9.1 Evocations


You had 17 spell levels left.
You knew the following spells:

 Your Spells              Type           Power        Failure   Level  Hunger
a - Confusing Touch       Hex            #.....       14%         1    None
b - Apportation           Tloc           #.....       36%         1    None
c - Animate Skeleton      Necr           N/A          43%         1    None
d - Summon Small Mammal   Summ           #...         43%         1    None

Your spell library contained the following spells:

 Spells                   Type           Power        Failure   Level  Hunger


Dungeon Overview and Level Annotations

Branches:
Dungeon (9/15)             Temple (1/1) D:6            Lair (1/6) D:8
    Orc (0/2) D:9

Altars:
Ashenzari
Cheibriados
Dithmenos
Elyvilon
Fedhas
Gozag
Hepliaklqana
Kikubaaqudgha
Makhleb
Nemelex Xobeh
Okawaru
Qazlal
Ru
Sif Muna
Trog
Uskayaw
Vehumet
Wu Jian
Xom
Yredelemnul
Zin
The Shining One

Shops:
D:6 =   D:7 ?   D:8 (

Annotations:
D:4 Menkaure
D:6 2 runed translucent doors, loom's ghost, novice TrMo
D:7 firegrace's ghost, novice GrBe IceCv exclusion: 3 ice statues


Innate Abilities, Weirdness & Mutations

You cannot wear most types of armour.
You are very stealthy in the water. (Stealth+)
You are amphibious.
You can wear up to eight rings at the same time.
You can use your tentacles to constrict eight enemies at once.
Your skin changes colour to match your surroundings (Stealth+).
Your rubbery body absorbs attacks. (AC +1, EV +1)


Message History

The ice beast barely misses you.
You hit the ice statue. You squeeze the ice statue!
The ice statue is almost destroyed.
You are engulfed in freezing vapours.
You flicker for a moment.
The ice beast misses you. The ice beast completely misses you.
You hit the ice statue. You squeeze the ice statue.
The ice statue is almost destroyed.
The ice beast closely misses you. The ice beast hits you.
* * * LOW HITPOINT WARNING * * *
The ice beast freezes you.
* * * LOW HITPOINT WARNING * * *
The ice statue glitters chillingly in the dim dungeon light.
The ice statue gestures at you. The freezing blast misses you.
You block the ice beast's attack.
You hit the ice statue but do no damage.
You squeeze the ice statue, but do no damage.
The ice statue is almost destroyed.
You are engulfed in freezing vapours.
You die...

#[......[.#
#####.#####
#8...Y...8#
#.........#
#.........#
#....(....#
#.....§.☼.#
##...°.☼.##
##.☼Y@Y##
###8###
.§Y. #.....
#.......
#......u
#(..u....
#/....


You could see 3 ice statues, a white ugly thing (wandering) and 4 ice beasts.

Vanquished Creatures
  Harold (D:9)
  A two-headed ogre (D:9)
  Pikel (D:5)
  An ugly thing (IceCv)
  A komodo dragon (D:8)
  3 polar bears (D:9)
  3 hippogriffs
  A wyvern (D:8)
  4 hogs (D:7)
  Eustachio (D:4)
  4 sky beasts
  5 black bears (D:9)
  An orc warrior (D:5)
  Purgy (D:3)
  2 slaves (D:5)
  15 ice beasts
  3 phantoms
  2 ogres
  An iguana (D:7)
  2 centaurs (D:5)
  2 wolves (D:9)
  A crocodile (Sewer)
  A wyvern zombie (D:9)
  5 bullfrogs
  2 scorpions
  9 killer bees
  6 wights
  A howler monkey (D:5)
  2 centaur zombies (D:6)
  A crimson imp (D:5)
  6 quasits
  2 bullfrog skeletons
  9 hounds
  A jelly (D:5)
  A centaur skeleton (D:6)
  5 orc priests
  Natasha (twice) (D:3)
  8 orc wizards
  4 worker ants
  2 hound skeletons
  8 mummies (Ossuary)
  Robin (D:4)
  A worker ant zombie (D:8)
  11 adders
  3 shadow imps
  An ooze (D:5)
  An adder skeleton (D:8)
  3 worms
  2 dart slugs
  5 leopard geckos
  28 orcs
  9 bats
  4 giant cockroaches
  2 gnoll zombies (Ossuary)
  7 hobgoblins
  11 jackals
  6 kobolds
  2 quokkas
  2 ball pythons
  13 frilled lizards
  12 goblins
  2 hobgoblin zombies (Ossuary)
  A kobold zombie (Ossuary)
  3 orc zombies (Ossuary)
  A quokka zombie (D:6)
  3 rats
265 creatures vanquished.

Vanquished Creatures (collateral kills)
  An ogre (D:6)
  An orc warrior (D:8)
  2 centaurs
  A wight (D:9)
  2 orc priests
  An adder (D:8)
  An orc (D:7)
  A kobold zombie (D:8)
10 creatures vanquished.

Vanquished Creatures (others)
  A human (D:7)
  A black bear (D:9)
  A centaur (D:9)
  A howler monkey (D:6)
  A killer bee (D:9)
  2 plants (D:8)
7 creatures vanquished.

Grand Total: 282 creatures vanquished

Notes
Turn   | Place    | Note
-------+----------+-------------------------------------------
     0 | D:1      | Chimkentus the Octopode Fighter began the quest for the
                  | Orb.
     0 | D:1      | Reached XP level 1. HP: 16/16 MP: 1/1
   273 | D:1      | Reached XP level 2. HP: 15/21 MP: 2/2
   657 | D:1      | Reached XP level 3. HP: 24/26 MP: 3/3
  1581 | D:3      | Reached XP level 4. HP: 28/33 MP: 4/4
  1637 | D:3      | Noticed Purgy
  1648 | D:3      | Killed Purgy
  1648 | D:3      | Reached XP level 5. HP: 34/37 MP: 5/5
  1749 | D:3      | Noticed Natasha
  1757 | D:3      | Killed Natasha
  1767 | D:3      | Noticed a phantom
  1787 | D:2      | Killed a phantom
  1787 | D:2      | Reached skill level 1 in Throwing
  1787 | D:2      | Reached XP level 6. HP: 25/43 MP: 6/6
  1909 | D:3      | Noticed Natasha
  1915 | D:3      | Killed Natasha
  2072 | D:3      | Reached XP level 7. HP: 24/49 MP: 7/7
  2130 | D:3      | Found a glowing drain.
  2138 | Sewer    | Entered a sewer
  2914 | D:4      | Noticed Robin
  2935 | D:4      | Killed Robin
  3140 | D:4      | Noticed Eustachio
  3146 | D:4      | Killed Eustachio
  3187 | D:4      | Noticed Menkaure
  3791 | D:5      | Entered Level 5 of the Dungeon
  3846 | D:5      | Reached skill level 1 in Long Blades
  3846 | D:5      | Reached XP level 8. HP: 54/54 MP: 8/8
  3857 | D:5      | Reached skill level 5 in Fighting
  3857 | D:5      | Reached skill level 5 in Dodging
  4127 | D:5      | Reached skill level 5 in Shields
  4554 | D:5      | Found a sacrificial altar of Ru.
  4555 | D:5      | Found an ancient bone altar of Kikubaaqudgha.
  4624 | D:5      | Found a sparkling altar of Nemelex Xobeh.
  4799 | D:5      | Noticed Pikel
  4983 | D:5      | Killed Pikel
  4983 | D:5      | Reached XP level 9. HP: 45/62 MP: 9/9
  5104 | D:6      | Found a runed translucent door.
  5104 | D:6      | Noticed loom's ghost (novice TrMo)
  5158 | D:6      | Noticed a two-headed ogre
  5632 | D:6      | Found a staircase to the Ecumenical Temple.
  5641 | Temple   | Entered the Ecumenical Temple
  5709 | Temple   | Became a worshipper of Uskayaw the Reveler
  5721 | D:6      | Reached * piety under Uskayaw
  5731 | D:6      | Reached skill level 1 in Invocations
  5731 | D:6      | Reached ** piety under Uskayaw
  5733 | D:6      | Reached *** piety under Uskayaw
  5957 | D:6      | Found a runed translucent door.
  6148 | D:6      | Found Tuomuok's Jewellery Shop.
  6155 | D:6      | Bought an uncursed ring of see invisible for 180 gold
                  | pieces
  6396 | D:7      | Found a transporter.
  6399 | D:7      | Noticed firegrace's ghost (novice GrBe)
  6412 | D:7      | Learned a level 1 spell: Confusing Touch
  6414 | D:7      | Learned a level 1 spell: Apportation
  6416 | D:7      | Learned a level 1 spell: Animate Skeleton
  6418 | D:7      | Learned a level 1 spell: Summon Small Mammal
  6436 | D:7      | Found a transporter.
  6822 | D:7      | Found Measaw's Magic Scroll Shoppe.
  6831 | D:7      | Bought a scroll of blinking for 97 gold pieces
  7040 | D:7      | Reached XP level 10. HP: 55/69 MP: 12/12
  7617 | D:8      | Reached skill level 5 in Long Blades
  7647 | D:8      | Found a sand-covered staircase.
  7657 | Ossuary  | Entered an ossuary
  7888 | Ossuary  | Reached **** piety under Uskayaw
  8015 | Ossuary  | Reached skill level 5 in Spellcasting
  8015 | Ossuary  | Reached skill level 9 in Evocations
  8015 | Ossuary  | Reached XP level 11. HP: 74/74 MP: 12/18
  8030 | D:8      | Found a staircase to the Lair.
  8279 | D:8      | Got an iridescent trident
  8285 | D:8      | Identified the +5 trident of Panexzeo {freeze, *Corrode
                  | +Fly rN+ Dex+3} (You found it on level 8 of the Dungeon)
  8323 | D:8      | Found Kozeajaf's Weapon Shop.
  8332 | D:8      | Bought 6 curare-tipped darts for 54 gold pieces
  8708 | D:8      | Found a deep blue altar of Sif Muna.
  8769 | D:8      | Found a stormy altar of Qazlal.
  8911 | D:8      | Reached skill level 5 in Stealth
  9361 | D:9      | Found a huge runed translucent gate.
  9361 | D:9      | Found a huge runed translucent gate.
  9362 | D:9      | Found a huge runed translucent gate.
  9385 | D:9      | Found a huge runed translucent gate.
  9385 | D:9      | Noticed a two-headed ogre
  9439 | D:9      | Reached ***** piety under Uskayaw
  9447 | D:9      | Reached skill level 1 in Polearms
  9453 | D:9      | Noticed Harold
  9610 | D:9      | Found a staircase to the Orcish Mines.
  9622 | D:9      | Found a deep blue altar of Sif Muna.
  9624 | D:9      | Found a glowing golden altar of the Shining One.
  9624 | D:9      | Found a deep blue altar of Sif Muna.
  9626 | D:9      | Found a shattered altar of Ashenzari.
  9626 | D:9      | Found a hide-covered altar of Uskayaw.
  9626 | D:9      | Found a shimmering altar of Xom.
  9706 | D:9      | Found a basalt altar of Yredelemnul.
  9759 | D:9      | Killed Harold
  9759 | D:9      | Reached skill level 1 in Hexes
 10660 | D:9      | Killed a two-headed ogre
 11031 | Lair:1   | Entered Level 1 of the Lair of Beasts
 11108 | Lair:1   | Found a frozen archway.
 11113 | Lair:1   | Reached XP level 12. HP: 81/81 MP: 17/19
 11156 | Lair:1   | Reached skill level 5 in Invocations
 11186 | IceCv    | Entered an ice cave
 11997 | IceCv    | Engulfed by an ice statue's freezing vapour

Levels and vault maps discovered:
D:1:      dpeg_arrival_signposts, layout_rooms, chequers_serial_rivers_small_b
D:2:      layout_loops_ring, first_ration
D:3:      layout_loops_ring, portal_sewer_entry_a, uniq_natasha, uniq_purgy
D:4:      layout_basic, nicolae_gozag_seed_capital, uniq_menkaure,
          uniq_eustachio, uniq_robin
D:5:      layout_basic, lemuel_crystal_altar,
          chequers_temple_overflow_statue_of_worship, uniq_pikel
D:6:      layout_cave_pools, minmay_temple_entry_glass, ebering_ghost_sewer_f,
          serial_shops, nicolae_shop_crystal
D:7:      layout_basic, serial_shops, nicolae_shop_trees,
          gammafunk_ghost_stat_death, grunt_livestock,
          chequers_serial_rivers_large_b
D:8:      layout_loops_ring, tgw_sif, david_lair_shrubbed, enter_ossuary_3,
          serial_shops, shop_fountains, minmay_misc_feat_doors,
          grunt_qazlal_sundering
D:9:      lemuel_bear_cage, layout_rooms, kennysheep_mini, doesnt_xom_only_xom,
          uniq_harold
Temple:   nicolae_temple_x_marks_the_god
Lair:1:   layout_chaotic_city, gammafunk_ghost_necromancy,
          portal_ice_cave_entry_ice_beasts
IceCv:    ice_cave_statue_garden_chambered

Skill      XL: |  1  2  3  4  5  6  7  8  9 10 11 12 |
---------------+-------------------------------------+-----
Fighting       | 4 5 6 7 |  7.7
Stealth        | 2 3 4 5 6 |  6.1
Throwing       | 1 3 4 |  4.2
Dodging        | 4 5 6 7 |  7.6
Shields        | 4 6 7 8 |  8.3
Short Blades   | 3 4 |  4.0
Long Blades    | 1 2 4 5 |  5.2
Invocations    | 2 3 4 5 |  5.1
Spellcasting   | 5 |  5.4
Evocations     | 9 |  9.1
Polearms       | 2 |  2.9
Hexes          | 2 3 |  3.1
Translocations | |  0.5

Action                   |  1- 3 |  4- 6 |  7- 9 | 10-12 || total
-------------------------+-------+-------+-------+-------++-------
Melee: Rapier            |    68 |    22 |       |       ||    90
       Constrict         |    16 |    12 |    66 |    44 ||   138
       Tentacles         |    14 |    10 |    75 |    80 ||   179
       Dagger            |       |    26 |    67 |     8 ||   101
       Long sword        |       |       |   158 |    37 ||   195
       Hand axe          |       |       |     9 |       ||     9
       Trident           |       |       |       |   253 ||   253
       Scimitar          |       |       |       |    28 ||    28
Throw: Stone             |     8 |       |       |    11 ||    19
       Boomerang         |     7 |     7 |    45 |    20 ||    79
       Dart              |     1 |    17 |    21 |    58 ||    97
       Throwing net      |       |       |       |     3 ||     3
 Cast: Confusing Touch   |       |       |       |    29 ||    29
Evoke: Wand              |       |       |     8 |    21 ||    29
  Use: Scroll            |     3 |       |     8 |    10 ||    21
       Potion            |       |     2 |     4 |     7 ||    13
 Stab: Sleeping          |     8 |     7 |     7 |    16 ||    38
       Distracted        |       |     1 |       |     2 ||     3
       Paralysed         |       |       |     3 |    10 ||    13
       Confused          |       |       |       |    16 ||    16
       Held in net/web   |       |       |       |     2 ||     2
       Invisible         |       |       |       |     2 ||     2
  Eat: Chunk             |     2 |     1 |     6 |    13 ||    22
       Ration            |       |     2 |     1 |     1 ||     4
Armor: Skin              |    10 |     4 |    25 |    28 ||    67
Dodge: Dodged            |    40 |    23 |   133 |   184 ||   380
Block: Shield            |    33 |    24 |   110 |   146 ||   313
       Rpst.: Long sword |       |       |    25 |    13 ||    38
       Scimitar          |       |       |       |     3 ||     3

Table legend:
 A = Non-vault XP
 B = Vault XP
 C = Vault XP percentage of total XP
 D = Non-vault monster count
 E = Vault monster count
 F = Vault count percentage of total count
                 A         B        C        D         E       F
            +---------+---------+-------+---------+---------+-------
      Total |    6742 |    8360 |  55.4 |     192 |      82 |  29.9
            +---------+---------+-------+---------+---------+-------
        D:1 |      40 |       0 |   0.0 |      23 |       0 |   0.0
        D:2 |     168 |       0 |   0.0 |      16 |       0 |   0.0
        D:3 |     278 |     170 |  37.9 |      24 |       3 |  11.1
        D:4 |     128 |     216 |  62.8 |      14 |      12 |  46.2
        D:5 |    1036 |     629 |  37.8 |      21 |       1 |   4.5
        D:6 |     680 |       0 |   0.0 |      17 |       0 |   0.0
        D:7 |     652 |     809 |  55.4 |      22 |       9 |  29.0
        D:8 |    1555 |     594 |  27.6 |      32 |       4 |  11.1
        D:9 |    2205 |    3316 |  60.1 |      23 |      14 |  37.8
     Lair:1 |       0 |    1020 | 100.0 |       0 |       8 | 100.0
      Sewer |       0 |     122 | 100.0 |       0 |       8 | 100.0
    Ossuary |       0 |     154 | 100.0 |       0 |      16 | 100.0
      IceCv |       0 |    1330 | 100.0 |       0 |       7 | 100.0
            +---------+---------+-------+---------+---------+-------
